 Dungeon Crawl Stone Soup version 0.32-a0-468-g38b2580584 (webtiles) character file.

Game seed: 13935379576280060306

6075 mopl the Toxicologist (level 10, -5/56 HPs)
             Began as an Octopode Alchemist on Feb 24, 2024.
             Was a Priest of Vehumet.
             Slain by a vampire mosquito (12 damage)
             ... on level 12 of the Dungeon.
             The game lasted 00:12:34 (6772 turns).

mopl the Toxicologist (Octopode Alchemist)          Turns: 6772, Time: 00:12:34

Health: -5/56      AC:  2    Str:  9    XL:     10   Next: 88%
Magic:  5/22       EV: 13    Int: 21    God:    Vehumet [***...]
Gold:   376        SH:  0    Dex: 12    Spells: 17/26 levels left

rFire   . . .        P - +5 spear
rCold   . . .        (no shield)
rNeg    . . .        O - +1 hat {Stlth+}
rPois   +            i - amulet of regeneration
rElec   .            b - ring of resist corrosion
rCorr   +            t - ring of poison resistance
SInv    +            D - ring of see invisible
Will    +....        H - ring of willpower
Stlth   ++++         (no ring)
HPRegen 1.09/turn    (no ring)
MPRegen 0.18/turn    (no ring)
                     (no ring)

%: no passive effects
@: radiating poison
A: almost no armour, amphibious, 8 rings, camouflage 1, gelatinous body 1,
(nimble swimmer 1), tentacles
a: Renounce Religion


You were on level 12 of the Dungeon.
You worshipped Vehumet.
Vehumet was most pleased with you.
You visited 1 branch of the dungeon, and saw 10 of its levels.
You also visited: Ossuary.

You collected 466 gold pieces.
You spent 90 gold pieces at shops.

Inventory:

Hand Weapons
 s - a +0 short sword of speed
 P - a +5 spear (weapon)
Missiles
 m - 3 boomerangs
 n - 4 poisoned darts
 u - 2 curare-tipped darts
Armour
 w - a +0 kite shield
 O - a +1 hat of stealth (worn)
Jewellery
 b - a ring of resist corrosion (left tentacle)
 i - an amulet of regeneration (around mantle)
 t - a ring of poison resistance (right tentacle)
 D - a ring of see invisible (on tentacle)
 H - a ring of willpower (on tentacle)
Talismans
 N - a serpent talisman
Wands
 h - a wand of polymorph (9)
 J - a wand of digging (6)
 K - a wand of mindburst (6)
 L - a wand of flame (18)
Scrolls
 d - 2 scrolls of noise {unknown}
 f - 2 scrolls of identify
 j - 3 scrolls of teleportation {unknown}
 l - 2 scrolls of enchant weapon
 o - a scroll of torment {unknown}
 q - 2 scrolls of amnesia {unknown}
 r - a scroll of fog {unknown}
 v - a scroll of summoning {unknown}
 x - a scroll of enchant armour {unknown}
 y - a scroll of blinking {unknown}
 B - 2 scrolls of vulnerability {unknown}
 C - 3 scrolls of immolation {unknown}
 E - a scroll of fear {unknown}
 I - a scroll of poison {unknown}
Potions
 a - 3 potions of magic
 c - 8 potions of curing
 e - 3 potions of mutation {!q}
 g - 2 potions of ambrosia
 k - a potion of heal wounds
 p - 3 potions of berserk rage {!q}
 z - a potion of haste
 A - a potion of lignification {!q}
 F - a potion of might
 G - a potion of enlightenment
 M - a potion of brilliance


   Skills:
 - Level 2.0 Dodging
 - Level 2.6 Stealth
 + Level 8.5 Spellcasting
 + Level 8.7 Conjurations
 - Level 5.0 Fire Magic
 + Level 10.1 Alchemy


You had 17 spell levels left.
You knew the following spells:

 Your Spells              Type           Power      Damage    Failure   Level
a - Sting                 Conj/Alch      100%       1d9       1%          1
d - Sticky Flame          Fire/Alch      40%        2d8       1%          4
o - Olgreb's Toxic Radia  Alch           51%        N/A       1%          4

Your spell library contained the following spells:

 Spells                   Type           Power      Damage    Failure   Level
 Volatile Blastmotes      Fire/Tloc      38%        2d13      2%          3
 Mercury Vapours          Alch/Air       60%        N/A       1%          2
 Mephitic Cloud           Conj/Alch/Air  35%        N/A       1%          3
 Summon Small Mammal      Summ           32%        N/A       8%          1
 Call Canine Familiar     Summ           8%         N/A       22%         3
 Summon Blazeheart Golem  Fire/Summ      19%        N/A       26%         4
 Summon Forest            Summ/Tloc      4%         N/A       91%         5
 Summon Mana Viper        Hex/Summ       8%         N/A       91%         5
 Summon Cactus Giant      Summ           4%         N/A       100%        6


Dungeon Overview and Level Annotations

Branches:
Dungeon (9/15)             Temple (0/1) D:6         Ossuary (visited)
   Lair: D:8-11         Orc: D:9-12

Altars:
Ashenzari
Dithmenos
Elyvilon
Fedhas
Hepliaklqana
Makhleb
Okawaru
Ru
Vehumet
Zin
The Shining One


Innate Abilities, Weirdness & Mutations

You cannot wear most types of armour.
You are amphibious.
You can wear up to eight rings at the same time.
Your skin changes colour to match your surroundings (Stealth+).
Your rubbery body absorbs attacks. (AC +1, EV +1)
((You are camouflaged when in or above water. (Stealth+)))
You have tentacles for arms and can constrict up to eight enemies at once.


Message History

Aim: a vampire mosquito The sticky flame hits the vampire mosquito!
The vampire mosquito is moderately damaged.
The vampire mosquito burns!
The vampire mosquito closely misses you.
The vampire mosquito bites you!
The vampire mosquito draws strength from your injuries!
Casting: Sticky Flame (dangerous; 1% risk of failure)
Confirm with . or Enter, or press ? or * to list all spells.
You begin to radiate toxic energy.
The deep elf pyromancer looks even sicker.
The vampire mosquito burns!
The vampire mosquito barely misses you.
The vampire mosquito closely misses you.
Unknown command.
Unknown command.
Unknown command.
Aiming: Dig
Press: ? - help, Shift-Dir - straight line, p - vampire mosquito You can't see that place.
The rock shatters into small pieces.
The vampire mosquito burns!
The vampire mosquito shakes off the sticky flame as it moves.
The vampire mosquito bites you!
The vampire mosquito draws strength from your injuries!
The vampire mosquito bites you!
The vampire mosquito draws strength from your injuries!
Unknown command.
Unknown command.
As you read the scroll labelled NOOB DIOMEADOSCH, it crumbles to dust.
It is a scroll of enchant weapon.
Your +4 spear glows red for a moment.
The vampire mosquito completely misses you.
The vampire mosquito bites you!
The vampire mosquito draws strength from your injuries!
The fire elemental hits you. The fire elemental burns you!
* * * LOW HITPOINT WARNING * * *
The deep elf pyromancer gestures wildly while chanting.
The deep elf pyromancer blinks!
The vampire mosquito bites you but does no damage.
The vampire mosquito bites you!
You die...

#### ..... #########
.....y#######.......#.~
.....yy@EE○○§.○.......~
?.....#y#####....$....~
....< #.# #○......#.♣
.... #.# #..........
### #.# #.......### #.#
#.......# #.# #.......#
#.# #####.###


You could see 2 fire elementals and 4 vampire mosquitoes.

Vanquished Creatures
  Gastronok (D:8)
  A deep elf pyromancer (D:7)
  A manticore (D:8)
  Maurice (D:7)
  A wyvern (D:8)
  3 yaks (D:9)
  A vampire mosquito (D:7)
  2 water moccasins (D:7)
  2 ice beasts
  2 sky beasts
  A black bear (D:6)
  A centaur (D:6)
  2 phantoms (D:5)
  5 bullfrogs
  7 scorpions
  5 wights (D:8)
  6 electric eels (D:8)
  A howler monkey (D:7)
  A bombardier beetle (D:5)
  3 hounds
  A human zombie (Ossuary)
  A jelly (D:5)
  An orc priest (D:7)
  A gnoll bouda (D:7)
  3 iguanas
  Terence (D:3)
  5 orc wizards
  7 scorpion zombies (Ossuary)
  4 mummies
  6 gnolls
  4 adders
  A shadow imp (D:5)
  3 white imps
  2 adder zombies (Ossuary)
  4 dart slugs
  2 ribbon worms
  18 orcs
  12 ball pythons
  7 bats
  3 endoplasms
  2 giant cockroaches
  2 gnoll zombies (Ossuary)
  9 goblins
  12 hobgoblins
  4 kobolds
  8 quokkas
  3 ball python zombies (Ossuary)
  2 frilled lizards (D:1)
  2 jackal zombies (Ossuary)
  A kobold zombie (D:5)
  3 orc zombies
  3 rats
184 creatures vanquished.

Vanquished Creatures (others)
  An orc wizard (D:9)
1 creature vanquished.

Grand Total: 185 creatures vanquished

Notes
Turn   | Place    | Note
-------+----------+-------------------------------------------
     0 | D:1      | mopl the Octopode Alchemist began the quest for the Orb.
     0 | D:1      | Reached XP level 1. HP: 11/11 MP: 3/3
    76 | D:1      | Reached XP level 2. HP: 17/17 MP: 0/5
    86 | D:1      | Found a faded altar of an unknown god.
   564 | D:1      | Reached XP level 3. HP: 21/21 MP: 4/6
   747 | D:1      | Reached skill level 2 in Conjurations
   929 | D:2      | Reached skill level 4 in Alchemy
  1055 | D:2      | Reached XP level 4. HP: 27/27 MP: 3/8
  1060 | D:2      | Learned a level 4 spell: Olgreb's Toxic Radiance
  1518 | D:2      | Reached skill level 3 in Spellcasting
  1771 | D:3      | Found a broken altar of Ashenzari.
  1775 | D:3      | Noticed Terence
  1844 | D:3      | Killed Terence
  1845 | D:3      | Reached XP level 5. HP: 31/31 MP: 1/9
  1952 | D:3      | Found a radiant altar of Vehumet.
  1961 | D:3      | Became a worshipper of Vehumet
  2426 | D:4      | Noticed a sky beast
  2443 | D:4      | Killed a sky beast
  2444 | D:4      | Reached skill level 3 in Conjurations
  2444 | D:4      | Reached XP level 6. HP: 33/36 MP: 0/11
  2726 | D:4      | Found a burning altar of Makhleb.
  2758 | D:5      | Entered Level 5 of the Dungeon
  2783 | D:5      | Found a sand-covered staircase.
  2793 | D:5      | Reached skill level 5 in Alchemy
  2795 | Ossuary  | Entered an ossuary
  2801 | Ossuary  | Learned a level 4 spell: Sticky Flame
  2892 | Ossuary  | Reached skill level 4 in Spellcasting
  2892 | Ossuary  | Reached skill level 1 in Fire Magic
  2912 | Ossuary  | Reached XP level 7. HP: 32/41 MP: 5/13
  2925 | Ossuary  | Reached * piety under Vehumet
  2925 | Ossuary  | Offered knowledge of Kiss of Death by Vehumet.
  3056 | Ossuary  | Reached skill level 4 in Conjurations
  3059 | Ossuary  | Reached skill level 2 in Fire Magic
  3128 | Ossuary  | Reached skill level 6 in Alchemy
  3336 | D:5      | Reached XP level 8. HP: 42/46 MP: 11/15
  3382 | D:5      | Reached skill level 3 in Fire Magic
  3570 | D:5      | Reached skill level 5 in Spellcasting
  3585 | D:5      | Found a sacrificial altar of Ru.
  3867 | D:5      | Reached skill level 5 in Conjurations
  3996 | D:5      | Reached ** piety under Vehumet
  4112 | D:5      | Offered knowledge of Magic Dart by Vehumet.
  4203 | D:6      | Found a shadowy altar of Dithmenos.
  4395 | D:6      | Found a staircase to the Ecumenical Temple.
  4430 | D:6      | Reached skill level 4 in Fire Magic
  4476 | D:6      | Found a blossoming altar of Fedhas.
  4539 | D:6      | Found an iron altar of Okawaru.
  4541 | D:6      | HP: 2/46 [centaur/arrow (14)]
  4549 | D:6      | Reached skill level 7 in Alchemy
  4715 | D:6      | Reached XP level 9. HP: 29/51 MP: 13/17
  5010 | D:7      | Reached skill level 6 in Conjurations
  5014 | D:7      | Reached skill level 6 in Spellcasting
  5138 | D:7      | Noticed a deep elf pyromancer
  5159 | D:7      | Killed a deep elf pyromancer
  5160 | D:7      | Reached skill level 5 in Fire Magic
  5161 | D:7      | HP: 2/51 [burnt (11)]
  5224 | D:7      | Offered knowledge of Volatile Blastmotes by Vehumet.
  5226 | D:7      | Reached skill level 8 in Alchemy
  5424 | D:7      | Found Zin's Purification Station.
  5427 | D:7      | Found a glowing silver altar of Zin.
  5429 | D:7      | Found a white marble altar of Elyvilon.
  5430 | D:7      | Bought a potion of curing for 90 gold pieces
  5461 | D:7      | Reached *** piety under Vehumet
  5465 | D:7      | Found a hazy altar of Hepliaklqana.
  5539 | D:7      | Noticed Maurice
  5541 | D:7      | Maurice stole 2 curare-tipped darts
  5544 | D:7      | Maurice stole a serpent talisman
  5547 | D:7      | Maurice stole 265 gold
  5548 | D:7      | Killed Maurice
  5549 | D:7      | Reached skill level 7 in Spellcasting
  5549 | D:7      | Reached skill level 7 in Conjurations
  5549 | D:7      | Reached XP level 10. HP: 36/56 MP: 8/20
  5682 | D:8      | Noticed a manticore
  5693 | D:8      | Killed a manticore
  5694 | D:8      | Reached skill level 9 in Alchemy
  5966 | D:8      | Noticed Gastronok
  6018 | D:8      | Killed Gastronok
  6019 | D:8      | Reached skill level 8 in Spellcasting
  6019 | D:8      | Reached skill level 8 in Conjurations
  6321 | D:8      | Found a glowing golden altar of the Shining One.
  6743 | D:9      | Reached skill level 10 in Alchemy
  6754 | D:9      | You fall into a shaft and drop 3 floors!
  6755 | D:12     | Noticed a deep elf pyromancer
  6772 | D:12     | Slain by a vampire mosquito

Illustrated notes

Levels and vault maps discovered:
D:1:      dpeg_arrival_subterranean_lakeside_camping, layout_basic,
          basic_ecumenical_altar
D:2:      layout_loops_ring, serial_aquarium, aquarium_bridge_long_separate
          [aquarium_subvault_wall, aquarium_subvault_bridge,
          aquarium_subvault_bridge, aquarium_subvault_bridge,
          aquarium_subvault_bridge, aquarium_subvault_wall],
          aquarium_bridge_square [aquarium_subvault_bridge,
          aquarium_subvault_window, aquarium_subvault_bridge,
          aquarium_subvault_bridge], aquarium_window_corner, aquarium_window_1,
          aquarium_window_corridor_1, aquarium_view_2f, aquarium_view_2c,
          aquarium_balcony_1b, aquarium_pool_S, minmay_3d_cube
D:3:      layout_basic, nicolae_vehumet_altar_sigil, overflow_temple_1_default,
          uniq_terence
D:4:      layout_basic, mainiacjoe_overflow_alcove_2
D:5:      layout_basic, mainiacjoe_overflow_alcove_1,
          nicolae_ossuary_entry_giza, serial_curves, eino_curves_02,
          eino_curves_01, eino_curves_01
D:6:      layout_cave_pools, fedhas_altar_3, mainiacjoe_overflow_boulevard,
          mainiacjoe_overflow_24_doors, minmay_temple_entry_overgrown,
          serial_rivers, chequers_serial_rivers_small_3,
          chequers_serial_rivers_micro_d, chequers_serial_rivers_small_3,
          chequers_serial_rivers_large_a, chequers_serial_rivers_marsh
D:7:      minmay_opposing_rooms, layout_rooms, lemuel_crystal_altar, zin_purify,
          nicolae_hepliaklqana_hazy_memory, uniq_maurice
D:8:      layout_basic, nicolae_tso_carved_into_rock, serial_bayou,
          serial_bayou_shore_b, serial_bayou_lake_a, serial_bayou_lagoon_a,
          serial_bayou_ford_a, minmay_misc_feat_enclosed, uniq_gastronok
D:9:      layout_irregular_city, led_sif_book, grunt_gozag_breadcrumbs,
          serial_shops, nicolae_take_the_stairs
D:12:     layout_roguey, serial_demonic, serial_demonic_g, serial_demonic_a,
          serial_demonic_d, serial_demonic_d, serial_demonic_e,
          serial_demonic_f, serial_demonic_b, serial_demonic_c, serial_shops,
          shop, uniq_erolcha, uniq_josephine

Skill      XL: |  1  2  3  4  5  6  7  8  9 10 |
---------------+-------------------------------+-----
Conjurations   | 2 3 4 5 7 8 |  8.7
Alchemy        | 4 5 6 7 8 10 | 10.1
Spellcasting   | 3 4 5 7 8 |  8.5
Fire Magic     | 1 2 4 5 |  5.0
Dodging        | |  2.0
Stealth        | |  2.6

Action                     |  1- 3 |  4- 6 |  7- 9 | 10-12 || total
---------------------------+-------+-------+-------+-------++-------
  Melee: Unarmed           |    30 |    23 |       |       ||    53
         Constrict         |     8 |    18 |    31 |     2 ||    59
         Tentacles         |     6 |    25 |    60 |     5 ||    96
         Short sword       |       |    60 |   203 |     6 ||   269
         Spear             |       |       |       |    15 ||    15
   Cast: Sting             |    52 |    68 |    69 |     7 ||   196
         Olgreb's Toxic Ra |       |     5 |    19 |    19 ||    43
         Sticky Flame      |       |       |     7 |    11 ||    18
  Evoke: Wand              |       |       |       |     4 ||     4
    Use: Scroll            |       |       |    10 |     1 ||    11
         Potion            |       |       |     2 |       ||     2
   Stab: Sleeping          |       |     4 |     4 |       ||     8
 Armour: Skin              |    18 |    50 |   117 |    39 ||   224
  Dodge: Dodged            |    34 |    57 |   114 |    19 ||   224

Table legend: (Time is in decaauts)
 A = Elapsed time spent in this place.
 B = Non-inter-level travel time spent in this place.
 C = Inter-level travel time spent in this place.
 D = Time resting spent in this place.
 E = Time spent auto-exploring this place.
 F = Levels seen in this place.
 G = Mean time per level.
                   A        B        C        D        E       F      G
               +--------+--------+--------+--------+--------+-----+--------+
         Total |   6676 |   6493 |    183 |    670 |   4211 |  11 |  606.9 |
       Dungeon |   6255 |   6072 |    183 |    610 |   4158 |  10 |  625.5 |
       Ossuary |    421 |    421 |      0 |     60 |     53 |   1 |  421.0 |
               +--------+--------+--------+--------+--------+-----+--------+

Top non-repeatable levels by time:
     D:8: 1029 daAuts
     D:5: 1004 daAuts
     D:1: 898 daAuts
     D:2: 818 daAuts
     D:7: 752 daAuts
     D:6: 642 daAuts
     D:3: 601 daAuts
     D:4: 434 daAuts
 Ossuary: 421 daAuts
     D:9: 55 daAuts
    D:12: 17 daAuts
